 Dungeon Crawl Stone Soup version 0.19.3-4-gbf9329e (webtiles) character file.

59 Naksu the Magician (level 3, -2/26 HPs)
             Began as a Draconian Wizard on Jan 28, 2017.
             Slain by Crazy Yiuf
             ... wielding a +2 quarterstaff of chaos
              (11 damage)
             ... on level 2 of the Dungeon.
             The game lasted 00:07:02 (1181 turns).

Naksu the Magician (Draconian Wizard)               Turns: 1181, Time: 00:07:03

Health: -2/26      AC:  9    Str:  9    XL:     3   Next: 78%
Magic:  7/8        EV: 12    Int: 19    God:
Gold:   97         SH:  0    Dex:  9    Spells: 1 memorised, 8 levels left

rFire  . . .     SeeInvis .     f - +0 dagger
rCold  . . .     Gourm    +     (armour unavailable)
rNeg   . . .     Faith    .     (no shield)
rPois  .         Spirit   .     a - +0 hat
rElec  .         Reflect  .     p - +0 cloak
rCorr  .         Harm     .     g - +2 pair of gloves
MR     .....                    (no boots)
Stlth  ++........               l - amulet of the gourmand
                                (no ring)
                                (no ring)

@: no status effects
A: unfitting armour, cold-blooded, AC +5
a: no special abilities


You were on level 2 of the Dungeon.
You were not hungry.

You visited 1 branch of the dungeon, and saw 2 of its levels.

You collected 97 gold pieces.

Inventory:

Hand Weapons
 f - a +0 dagger (weapon)
 k - a +0 spear
Armour
 a - a +0 hat (worn)
 g - a +2 pair of gloves (worn)
 p - a +0 cloak (worn)
Jewellery
 l - an amulet of the gourmand (around neck)
Scrolls
 d - a scroll of noise {unknown}
 e - 2 scrolls of identify
 i - a scroll of fear {unknown}
 j - a scroll of magic mapping {unknown}
 n - a scroll of recharging {unknown}
Potions
 o - a potion of curing {unknown}
Books
 b - a book of Minor Magic

   Spells                             Type                      Level
   a - Magic Dart                     Conjuration                  1
   b - Blink                          Translocation                2
   c - Call Imp                       Summoning                    2
   d - Repel Missiles                 Charms/Air                   2
   e - Slow                           Hexes                        2
   f - Conjure Flame                  Conjuration/Fire             3
   g - Mephitic Cloud                 Conjuration/Poison/Air       3
Comestibles
 c - 2 bread rations
 h - a fruit


   Skills:
 + Level 0.2 Fighting
 + Level 1.1 Short Blades
 + Level 2.2 Dodging
 + Level 1.8 Stealth
 + Level 0.2 Unarmed Combat
 + Level 3.7 Spellcasting
 + Level 1.6 Conjurations
   Level 1.0 Summonings
   Level 1.0 Translocations


You had 8 spell levels left.
You knew the following spells:

 Your Spells              Type           Power        Failure   Level  Hunger
a - Magic Dart            Conj           #...         10%         1    None


Dungeon Overview and Level Annotations

Branches:
Dungeon (2/15)

Altars:

Annotations:
D:2 Crazy Yiuf


Innate Abilities, Weirdness & Mutations

Your plain brown scales are hard. (AC +5)
You cannot fit into any form of body armour.
You are cold-blooded and may be slowed by cold attacks.


Message History

Confirm with . or Enter, or press ? or * to list all spells.
Aiming: Magic Dart
Press: ? - help, Shift-Dir - straight line, f - Crazy Yiuf
Aim: Crazy Yiuf, wielding a quarterstaff of chaos and wearing a cloak The magic dart hits Crazy Yiuf.
Crazy Yiuf drinks a potion.
Crazy Yiuf goes berserk!
Casting: Magic Dart
Confirm with . or Enter, or press ? or * to list all spells.
Aiming: Magic Dart
Press: ? - help, Shift-Dir - straight line, f/p - Crazy Yiuf
Aim: Crazy Yiuf, wielding a quarterstaff of chaos and wearing a cloak (berserk, fast, unusually strong)
The magic dart hits Crazy Yiuf.
Crazy Yiuf is lightly wounded.
Crazy Yiuf hits you with a quarterstaff of chaos!
You see here a mace.
Crazy Yiuf rages.
You see here a mace.
Crazy Yiuf hits you with a quarterstaff of chaos!
Crazy Yiuf hits you with a quarterstaff of chaos!
You die...

..........# ##.#.#####..##.###
##.#..###.# #.................
.......##.# #.##.####...##.###
#.##....#.## #.##.# #...##.#
#.###......#####...)####.#.##.#
#.# #<.....#.......###...####.#
#.###......#.###...# #.######.#
.....<.....# ##..## ##.......#
.........#.## #.@..# #########
#####.......# #Pg.P#
#........#.## #..P##
#<#.#.##.#.## ##.##
............# #)##
#.....##.#.## ##)# #..........#
#.## ...........# ##.#
#.######..## #'#


You could see Crazy Yiuf (berserk).

Vanquished Creatures
  An adder (D:2)
  2 oozes
  A dart slug (D:1)
  A leopard gecko (D:1)
  4 bats
  2 giant cockroaches (D:1)
  5 goblins
  7 hobgoblins
  2 jackals (D:1)
  A quokka (D:2)
  A ball python (D:2)
  2 kobolds (D:1)
  5 rats (D:1)
  2 fungi (D:2)
36 creatures vanquished.

Notes
Turn   | Place    | Note
-------+----------+-------------------------------------------
     0 | D:1      | Naksu the Draconian Wizard began the quest for the Orb.
     0 | D:1      | Reached XP level 1. HP: 14/14 MP: 4/4
   167 | D:1      | Reached XP level 2. HP: 5/20 MP: 1/6
   453 | D:1      | Reached XP level 3. HP: 23/26 MP: 1/8
   904 | D:2      | Reached skill level 1 in Short Blades
  1168 | D:2      | Found a runed door.
  1172 | D:2      | Noticed Crazy Yiuf
  1181 | D:2      | Slain by Crazy Yiuf

Skill      XL: |  1  2  3 |
---------------+----------+-----
Dodging        | 2 |  2.2
Short Blades   | 1 |  1.1
Fighting       | |  0.2
Stealth        | |  1.8
Unarmed Combat | |  0.2
Spellcasting   | |  3.7
Conjurations   | |  1.6
Summonings     | |  1.0
Translocations | |  1.0

Action                   || total
-------------------------++-------
Melee: Unarmed           ||    28
       Dagger            ||   163
       Tailslap          ||    17
 Cast: Magic Dart        ||    33
  Use: Scroll            ||     2
       Potion            ||     3
 Stab: Sleeping          ||     1
  Eat: Chunk             ||     1
Armor: Skin              ||    44
Dodge: Dodged            ||    88
